[Event "FIDE Candidates Tournament 2022"]
[Site "Madrid"]
[Date "2022.06.17"]
[Round "1.4"]
[White "Radjabov, Teimour"]
[Black "Firouzja, Alireza"]
[Result "1/2-1/2"]
[ECO "D24"]
[WhiteElo "2753"]
[BlackElo "2804"]
[Annotator "TA"]
[PlyCount "142"]
[EventDate "2022.06.17"]
[EventType "tourn"]
[EventCountry "ESP"]
[SourceTitle "playchess.com"]
[Source "ChessBase"]
[SourceQuality "1"]
[TimeControl "40/7200:20/3600:900+30"]

1. d4 Nf6 2. c4 e6 3. Nf3 d5 4. Nc3 dxc4 5. e4 b5 (5... Bb4 $5 ) 6. e5 {[%emt 0:00:55] D24: Queen's Gambit Accepted: 3 Nf3 Nf6 4 Nc3.} Nd5 7. Nxb5 Nb6 8. Be3 {[%emt 0:02:03] White is slightly better.} (8. Nc3 Be7 9. Be2 Nc6 10. O-O Bb7 11. Be3 Qd7 12. Rc1 g5 13. Bxg5 Rg8 14. Bxe7 Nxe7 15. Ne1 O-O-O 16. Bf3 Qxd4 17. Bxb7+ Kxb7 18. Qf3+ Nc6 19. Nc2 Qd3 20. Ne3 Nd5 {0-1 (57) Radjabov,T (2765)-Firouzja,A (2759) Paris 2021}) 8... Nc6 9. Be2 Be7 10. O-O O-O 11. Nc3 Rb8 12. a3 Na5 13. Qc2 Nd5 14. Rad1 {[%emt 0:08:13] [#]} Ba6 $146 ({Predecessor:} 14... Bd7 15. Nd2 Nxe3 16. fxe3 Bg5 17. Rf3 c5 18. Nde4 Be7 19. dxc5 Qc7 20. Nf6+ Bxf6 21. exf6 {1-0 (42) Gunina,V (2471)-Pichot,A (2625) Chess.com INT 2022}) 15. Bd2 Nb3 16. Ne4 Nxd2 17. Rxd2 (17. Nexd2 {[#]} Rxb2 $3 18. Qxb2 c3 $17) 17... Nf4 18. Bxc4 Rxb2 $1 19. Qxb2 Bxc4 20. Rc1 Bd5 21. Re1 Qa8 22. Qc2 Bxa3 23. Nfg5 {[%emt 0:09:03][%cal Oe4f6] [#] Threatening mate with Nf6+!} Ng6 {[%emt 0:01:31] Strongly threatening ...h6.} 24. h4 $36 {[%emt 0:02:26][%cal Bh2h4,Bh4h5][%mdl 2080] White has the initiative.} (24. Qxc7 $2 h6 25. Ra1 hxg5 26. Nxg5 Qb8 27. Qxb8 (27. Nxe6 $2 fxe6 28. Qxb8 Rxb8 $19) 27... Rxb8 $19) 24... Bb4 {[%emt 0:23:39] This bishop pair is nice.} 25. h5 Bxd2 (25... Bxe4 $11 26. Nxe4 Ne7) 26. Qxd2 $16 h6 {[%emt 0:03:30] Hoping for ...Ne7.} 27. hxg6 {[%emt 0:06:03][%cal Oe4f6] aiming for Nf6+! White is much more active.} hxg5 28. gxf7+ Kxf7 29. Nxg5+ Ke8 30. f3 ({Much weaker is} 30. Qb4 Rf5 31. Qd2 Qd8 $14) 30... Kd7 31. Ne4 Bxe4 32. Rxe4 $11 {[%emt 0:03:05][%mdl 4096] Endgame KQR-KQR} Qd5 33. Qb4 Rg8 34. Qa4+ Qc6 35. Qxa7 {[%emt 0:00:07] Black must now prevent Qa3.} Ra8 $1 36. Qc5 {[%emt 0:00:03] Prevents Qc1+.} Qxc5 37. dxc5 {[%emt 0:00:01] KR-KR} Kc6 38. Rg4 Kxc5 39. Rxg7 Kd5 ({Better is} 39... Rc8 $1 $11) 40. Rxc7 $14 Kxe5 41. Rf7 Kd6 42. Kf2 e5 43. g4 Ke6 44. Rf5 Ra3 45. Rf8 {[%emt 0:00:19] Kg3 is the strong threat.} Ke7 46. Rb8 Kf7 47. Rc8 Ke7 48. Rc2 (48. Rc6 $14) 48... Kf6 ({Black should play} 48... e4 $1 $11) 49. Re2 Rb3 50. Re3 Rb2+ 51. Kg3 Rc2 52. Ra3 Rb2 53. Ra6+ Kf7 54. Rh6 Rb3 55. Kf2 $1 Ra3 56. Rb6 Ke7 57. Ke2 Rc3 58. Kf2 Ra3 59. Rb2 Kf6 60. Re2 Rb3 $1 61. Re3 Rb2+ 62. Kg3 Rc2 $1 63. Rb3 Ra2 64. Rb6+ Kf7 65. g5 ({White should try} 65. Rc6 $14) 65... Ra4 $1 $11 {[%emt 0:01:54] The position is equal.} 66. Rf6+ Ke7 67. Rh6 Kf7 68. Rh4 Ra5 69. Kg4 Ra4+ 70. Kh5 Ra3 71. f4 exf4 {[%emt 0:00:11] Weighted Error Value: White=0.06 (flawless) /Black=0.07 (flawless)} 1/2-1/2

[Event "FIDE Candidates Tournament 2022"]
[Site "Madrid"]
[Date "2022.06.19"]
[Round "3.3"]
[White "Radjabov, Teimour"]
[Black "Nepomniachtchi, Ian"]
[Result "1/2-1/2"]
[ECO "E04"]
[WhiteElo "2753"]
[BlackElo "2773"]
[Annotator "TA"]
[PlyCount "59"]
[EventDate "2022.06.17"]
[EventType "tourn"]
[EventCountry "ESP"]
[SourceTitle "playchess.com"]
[Source "ChessBase"]
[SourceQuality "1"]
[TimeControl "40/7200:20/3600:900+30"]

1. d4 Nf6 2. c4 e6 3. Nf3 d5 4. g3 dxc4 5. Bg2 c5 6. O-O Nc6 7. dxc5 Qxd1 8. Rxd1 Bxc5 9. Nbd2 c3 10. bxc3 O-O 11. Nb3 Be7 12. Nfd4 Bd7 13. Nxc6 {[%emt 0:07:18] E04: Open Catalan: 5 Nf3.} Bxc6 14. Bxc6 bxc6 15. Be3 {[%emt 0:00:15] The position is equal.} Nd5 16. Bd4 c5 {[%emt 0:03:00] [#]} 17. Nxc5 $146 ({Predecessor:} 17. Be5 Bf6 18. Bxf6 Nxf6 19. c4 Rfc8 20. f3 Kf8 21. Rd6 Ke7 22. Ra6 Rc7 23. Nc1 {1-0 (75) Mikhalevski,V (2631)-Michalczak,T (2352) Zuerich 2009}) 17... Bxc5 18. Bxc5 Rfc8 19. Bd4 Nxc3 20. Bxc3 Rxc3 $11 {[%emt 0:00:17][%mdl 4096] Endgame KRR-KRR} 21. Rac1 Ra3 22. Rc2 h5 23. Rd7 a6 24. Kg2 g6 25. e3 Kg7 26. Rcc7 Rf8 27. Rd6 Re8 28. Rdd7 Rf8 29. Rd6 Re8 30. Rdd7 {[%emt 0:00:04] A rather calm draw.  Weighted Error Value: White=0.02 (flawless) /Black=0.00 (flawless)} 1/2-1/2

[Event "FIDE Candidates Tournament 2022"]
[Site "Madrid"]
[Date "2022.06.22"]
[Round "5.2"]
[White "Radjabov, Teimour"]
[Black "Ding, Liren"]
[Result "1/2-1/2"]
[ECO "E16"]
[WhiteElo "2753"]
[BlackElo "2806"]
[Annotator "TA"]
[PlyCount "100"]
[EventDate "2022.06.17"]
[EventType "tourn"]
[EventCountry "ESP"]
[SourceTitle "playchess.com"]
[Source "ChessBase"]
[SourceQuality "1"]
[TimeControl "40/7200:20/3600:900+30"]

1. d4 Nf6 2. c4 e6 3. g3 Bb4+ 4. Nd2 O-O 5. Bg2 d5 6. Ngf3 b6 7. O-O Bb7 8. b3 {[%emt 0:00:00] E16: Queen's Indian: 4 g3 Bb7 5 Bg2 Bb4+.} Nbd7 9. Bb2 Rc8 10. Rc1 Qe7 11. e3 {[%emt 0:00:00] [#]} c5 $146 ({Predecessor:} 11... Rfd8 12. Qe2 c5 13. a3 Bxd2 14. Nxd2 cxd4 15. exd4 Nf8 16. Rfd1 dxc4 17. Bxb7 Qxb7 18. bxc4 {½-½ (101) Le,Q (2713)-Inarkiev,E (2663) Moscow 2019}) 12. cxd5 Bxd5 13. Qe2 cxd4 14. Nxd4 {[%emt 0:00:00] And now Bxd5 would win.} Bxg2 15. Kxg2 Ne5 {[%emt 0:00:17] Inhibits Nc6.} 16. e4 Rfd8 17. Rxc8 Rxc8 18. f4 Ng6 19. Nc4 Qb7 20. a3 Bc5 21. Re1 b5 22. Nd2 a6 23. N2f3 Ne7 24. Qd3 h6 25. Re2 Bb6 26. h3 Rd8 27. Qc2 Rc8 (27... h5 $5 28. h4 Rc8 $11) 28. Qd3 Rd8 29. Qc2 $1 {[%emt 0:00:00] Prevents Nc6.} h5 $1 {[%emt 0:01:57][%cal Oh5h4] aiming for ...h4!} 30. h4 Ng4 (30... Rc8 $15 31. Qd3 Nc6) 31. Qc3 $11 {[%emt 0:00:00][%cal Od4e6] [#] Nxe6! is the strong threat.} Nf6 (31... Bxd4 $11 32. Nxd4 e5 33. fxe5 Rc8) 32. Qc2 $15 Rc8 33. Qd3 Ng4 34. b4 Qd7 35. Rd2 Rc4 36. Qe2 (36. Nf5 $11 {keeps the balance.} Qxd3 37. Nxe7+ Kf8 38. Rxd3) 36... Qb7 37. Qd3 {[%emt 0:00:00] [#]} f6 (37... Ng6 $142 $1 38. Re2 Qd7) 38. Kh3 Qc8 {[%emt 0:03:17] Strongly threatening ...Bxd4.} 39. e5 (39. Kg2 $1 $15) 39... fxe5 $17 40. fxe5 g6 (40... Bxd4 $17 41. Nxd4 Nxe5) 41. Ng5 $1 $11 {[%emt 0:01:09] The position is equal.} Bxd4 42. Bxd4 {[%emt 0:01:37] Threatens to win with Bc5.} Qa8 {[%emt 0:05:10] ( -> ...Qh1+)} 43. Qf3 {[%emt 0:03:36] Prevents Qh1+.} Qxf3 44. Nxf3 Nc6 45. Bc5 Ncxe5 46. Nxe5 Nxe5 47. Re2 Nd3 48. Rxe6 Nxc5 49. bxc5 Kf7 50. Rxa6 Rxc5 {[%emt 0:00:01] Weighted Error Value: White=0.08 (flawless) /Black=0.11 (very precise)} 1/2-1/2

[Event "FIDE Candidates Tournament 2022"]
[Site "Madrid"]
[Date "2022.06.23"]
[Round "6.1"]
[White "Radjabov, Teimour"]
[Black "Rapport, Richard"]
[Result "1/2-1/2"]
[ECO "B46"]
[WhiteElo "2753"]
[BlackElo "2776"]
[Annotator "TA"]
[PlyCount "80"]
[EventDate "2022.06.17"]
[EventType "tourn"]
[EventCountry "ESP"]
[SourceTitle "playchess.com"]
[Source "ChessBase"]
[SourceQuality "1"]
[TimeControl "40/7200:20/3600:900+30"]

1. e4 c5 2. Nf3 e6 3. d4 cxd4 4. Nxd4 Nc6 5. Nc3 a6 6. Nxc6 bxc6 7. Qd3 {[%emt 0:00:04] B46: Sicilian: Taimanov: 5 Nc3 a6.} d5 8. Qg3 h5 9. h4 d4 10. Nb1 Nf6 11. e5 Ne4 12. Qf3 Qd5 13. Bd3 Bb4+ 14. Kf1 f5 15. exf6 Nxf6 {[%emt 0:00:05] [#]} 16. Bg6+ $146 ({Predecessor:} 16. c3 Bc5 17. Bg6+ Kd8 18. Nd2 dxc3 19. bxc3 e5 20. c4 Qxf3 21. gxf3 Be6 22. Kg2 {½-½ (61) Vachier Lagrave,M (2749)-Nepomniachtchi,I (2792) Zagreb 2021}) 16... Kd7 17. Bg5 Rf8 (17... Qe5 $2 18. c3 Bd6 19. Nd2 $16) 18. c3 Bd6 (18... Bc5 $5 ) 19. cxd4 Qxd4 20. Qc3 $1 Qd1+ 21. Qe1 Qxe1+ 22. Kxe1 Rb8 23. Nd2 Rxb2 24. Nc4 Bb4+ 25. Kf1 Ng4 26. f3 Rf2+ 27. Kg1 {[%emt 0:00:02] [#] Dancing on a razor blade.} Bc5 $1 {[%emt 0:00:51][%csl LRa2,LRf3] ( -> ...R2xf3+)} 28. fxg4 {[%emt 0:01:52] And now Kh2 would win.} R2f4+ $1 29. Ne3 $1 Bxe3+ 30. Kh2 Rxg4 31. Bxe3 {[%emt 0:08:51] Strongly threatening Bg5.} (31. Rhd1+ {is interesting.} Kc7 32. Bxe3 Rxg6 33. Rab1) 31... Rxg6 32. Rhd1+ Kc7 33. Rab1 $1 {[%emt 0:00:53] Threatens to win with Bb6+.} Bb7 34. Bc5 Re8 35. Bd6+ (35. Rb2 $11) 35... Kc8 $15 36. Be5 {[%emt 0:00:02] Rf1 is the strong threat.} Rg4 (36... Rf8 $1 $15 37. Rf1 Rxf1 38. Rxf1 c5 39. Rf8+ Kd7 40. Rf7+ Kc6 41. Rxg7 Rxg7 42. Bxg7 Kb5) 37. Rf1 $1 $14 {[%emt 0:01:30] Threatening mate with Rf7.} Rxh4+ (37... c5 $1 $14) 38. Kg1 $16 {[%emt 0:00:15] Intending Rf7 and mate. White is more active.} Re4 {[%emt 0:02:45] [#]} 39. Rf7 (39. Bh2 $1 $16) 39... Rxe5 $11 40. Rbxb7 Rb5 {[%emt 0:00:00] Weighted Error Value: White=0.09 (flawless) /Black=0.11 (very precise)} 1/2-1/2

[Event "FIDE Candidates Tournament 2022"]
[Site "Madrid"]
[Date "2022.06.27"]
[Round "9.2"]
[White "Radjabov, Teimour"]
[Black "Nakamura, Hikaru"]
[Result "1-0"]
[ECO "C65"]
[WhiteElo "2753"]
[BlackElo "2760"]
[Annotator "TA"]
[PlyCount "81"]
[EventDate "2022.06.17"]
[EventType "tourn"]
[EventCountry "ESP"]
[SourceTitle "playchess.com"]
[Source "ChessBase"]
[SourceQuality "1"]
[TimeControl "40/7200:20/3600:900+30"]

1. e4 e5 2. Nf3 Nc6 3. Bb5 Nf6 4. d3 Bc5 5. c3 O-O 6. O-O {[%emt 0:00:06] C65: Ruy Lopez: Berlin Defence (3...Nf6), unusual lines and 4 0-0 Bc5.} d5 7. Nbd2 dxe4 8. dxe4 {[%emt 0:00:02] The position is equal.} a5 9. Qc2 Qe7 10. a4 Na7 11. Be2 Nc6 12. Nb3 $5 {[%emt 0:00:50][%mdl 4] [#] A promising side line.} Ba7 $146 ({Predecessor:} 12... Bb6 13. Bg5 Nd8 14. Bh4 c6 15. Nbd2 Bc7 16. Nc4 Ne6 17. Bg3 Nf4 18. Bxf4 exf4 {½-½ (44) Maiwald,J (2426)-Zilka,S (2606) Germany 2022}) 13. Bb5 Bg4 (13... h6 $11) 14. Bxc6 $16 Bxf3 15. gxf3 (15. Bxb7 $6 Ng4 16. gxf3 Qh4 $11) 15... bxc6 16. Nxa5 Qe6 17. Qe2 $1 Nh5 18. b4 Kh8 {[%emt 0:09:45] [#]} 19. Kh1 $1 h6 20. Rg1 (20. Nc4 $142) 20... f5 (20... Rfd8 $142) 21. Rg2 fxe4 22. Qxe4 (22. fxe4 Qh3 23. Qg4 {[#]} (23. Nxc6 $2 Rxf2 24. Qxf2 Bxf2 $19) 23... Rxf2 $1 24. Bxh6 Qxg4 25. Rxg4 gxh6 $17) 22... Rf6 23. Be3 Bxe3 24. fxe3 Qd5 25. Qg4 {[%emt 0:13:08] White is more active.} Qxf3 26. Qxf3 Rxf3 27. Re2 (27. Nxc6 Rxe3 28. a5 e4) 27... c5 28. Nc6 cxb4 {[%emt 0:00:07] Loses the game.} (28... Nf6 $16) 29. cxb4 $18 Rf6 (29... Rh3 {was called for.} 30. Kg1 (30. Nxe5 Ng3+ 31. Kg2 Rxh2+ 32. Kxh2 Nxe2 $16) 30... Nf6) 30. b5 ({Don't take} 30. Nxe5 $6 Re6 $16) 30... Rd6 31. a5 ({Less strong is} 31. Nxe5 Rd5 32. Nc6 Rxb5 $14) 31... Nf6 32. a6 (32. Nxe5 Rd5 $14) 32... Nd7 (32... Ne4 $142 33. Rb2 (33. Nxe5 Rd5 $18) 33... Re6) 33. a7 Kg8 $2 (33... Kh7 34. Rc2 Nb6) 34. Rc2 {[%emt 0:00:44] White is clearly winning.} Kf7 35. Nb4 {[%emt 0:01:11] Against Rd5} c5 36. bxc6 Nb6 37. e4 Nc8 38. Rca2 Ke6 39. Ra6 Rd4 (39... g6 $142 40. Kg1 h5) 40. Nd5 {[%emt 0:00:00] Black must now prevent Nc7+.} Kd6 {[%emt 0:00:00] Inhibits Nc7.} 41. Nb6 {[%emt 0:04:26] Weighted Error Value: White=0.14 (very precise) /Black=0.35} 1-0

[Event "FIDE Candidates Tournament 2022"]
[Site "Madrid"]
[Date "2022.06.30"]
[Round "11.3"]
[White "Radjabov, Teimour"]
[Black "Duda, Jan-Krzysztof"]
[Result "1/2-1/2"]
[ECO "A14"]
[WhiteElo "2753"]
[BlackElo "2750"]
[Annotator "TA"]
[PlyCount "66"]
[EventDate "2022.06.17"]
[EventType "tourn"]
[EventCountry "ESP"]
[SourceTitle "playchess.com"]
[Source "ChessBase"]
[SourceQuality "1"]
[TimeControl "40/7200:20/3600:900+30"]

1. c4 Nf6 2. Nf3 e6 3. b3 d5 4. Bb2 Be7 5. g3 O-O 6. Bg2 b6 7. cxd5 Nxd5 8. d4 Bb7 9. O-O c5 10. dxc5 Bxc5 11. Nbd2 {[%emt 0:00:03] A14: English Opening: 1...e6 with b3 by White.} Nf6 12. a3 a5 {[%emt 0:01:42] [#] Against b4. The position is equal.} 13. Nc4 $146 ({Predecessor:} 13. Qc2 Nbd7 14. e3 Qe7 15. Nd4 Bxg2 16. Kxg2 Rac8 17. Qd3 Ne5 18. Qe2 Rfd8 19. f3 {½-½ (27) Heigermoser,R (2161)-Schindler,S (2165) Bayern 2019}) 13... Nbd7 14. Nfe5 Bxg2 15. Kxg2 b5 16. Nxd7 (16. Nxa5 {feels hotter.} Rxa5 17. Nxd7 Nxd7 18. b4) 16... Qxd7 (16... Nxd7 {looks sharper.} 17. Nxa5 Rxa5 18. b4 Ra4) 17. Qxd7 Nxd7 {[%emt 0:00:18][%cal Bf6d7,Bd7c5,Bc5e4][%mdl 32] [#]} 18. Nxa5 Rxa5 19. b4 Ra6 {[%emt 0:01:21] aiming for ...Be7.} 20. bxc5 Nxc5 21. Rab1 Ne4 {[%emt 0:12:14] [#] ...Nd2 is the strong threat.} 22. Rfd1 {[%emt 0:01:19] Inhibits Nd2.} h6 23. Ba1 Rxa3 24. Rxb5 Nc3 25. Bxc3 Rxc3 $11 {[%emt 0:00:04][%mdl 4096] Endgame KRR-KRR} 26. Rdb1 g6 27. Rb8 h5 28. h4 Rxb8 29. Rxb8+ Kg7 30. e3 Rc2 31. Ra8 Rc3 32. Rb8 Rc2 33. Ra8 Rc3 {[%emt 0:00:04] A balanced but interesting game.  Weighted Error Value: White=0.04 (flawless) /Black=0.03 (flawless)} 1/2-1/2

[Event "FIDE Candidates Tournament 2022"]
[Site "Madrid"]
[Date "2022.07.03"]
[Round "13.4"]
[White "Radjabov, Teimour"]
[Black "Caruana, Fabiano"]
[Result "1/2-1/2"]
[ECO "E04"]
[WhiteElo "2753"]
[BlackElo "2786"]
[Annotator "TA"]
[PlyCount "61"]
[EventDate "2022.06.17"]
[EventType "tourn"]
[EventCountry "ESP"]
[SourceTitle "playchess.com"]
[Source "ChessBase"]
[SourceQuality "1"]
[TimeControl "40/7200:20/3600:900+30"]

1. d4 Nf6 2. c4 e6 3. Nf3 d5 4. g3 dxc4 5. Bg2 Bb4+ 6. Bd2 a5 7. Qc2 {[%emt 0:02:11] E04: Open Catalan: 5 Nf3.} O-O 8. Qxc4 b6 9. Bxb4 {[%emt 0:10:51] White is slightly better.} Ba6 {[%emt 0:00:16] [#]} 10. Qb3 axb4 11. Qxb4 c5 12. dxc5 Nc6 13. Qd2 (13. Qxb6 $16 Qd7 14. Qb3) 13... bxc5 $14 14. Qxd8 Rfxd8 15. Nc3 {[%emt 0:00:05] [#]} Nd5 $146 {[%emt 0:00:19] The position is equal.} ({Predecessor:} 15... Rab8 16. b3 Nb4 17. O-O Nfd5 18. Na4 c4 19. Nc5 cxb3 20. Nxa6 Nxa6 21. axb3 Nc5 {½-½ (31) Gaehwiler,G (2414)-Miralles,G (2433) Switzerland 2019}) 16. Rc1 Nxc3 17. Rxc3 Rab8 18. b3 Nb4 19. Nd2 {[%emt 0:09:27] Prevents c4. Black should prevent a3.} Nxa2 20. Rc2 Nb4 21. Rxc5 Rbc8 22. Rxc8 Rxc8 {[%emt 0:00:33][%cal Rc8c1] [#]} 23. Nc4 Bxc4 24. bxc4 Rxc4 $11 {[%emt 0:00:07][%mdl 4096] Endgame KRB-KRN} 25. Kd2 Rc2+ 26. Ke3 Rb2 27. f4 Nc2+ 28. Kd3 {[%emt 0:00:35] Kc3 is the strong threat.} Nb4+ 29. Ke3 $1 Nc2+ 30. Kd3 {[%emt 0:00:04] Hoping for Kc3.} Nb4+ 31. Ke3 $1 {[%emt 0:00:06] Weighted Error Value: White=0.06 (flawless) /Black=0.04 (flawless)} 1/2-1/2